 Dungeon Crawl Stone Soup version 0.22-a0-525-gf69a080 (webtiles) character file.

27734 stealthycow the Severer (level 13, -4/118 HPs)
             Began as a Minotaur Berserker on June 21, 2018.
             Was a High Priest of Trog.
             Slain by an eight-headed hydra (9 damage)
             ... on level 3 of the Lair of Beasts.
             The game lasted 00:37:51 (16480 turns).

stealthycow the Severer (Minotaur Berserker)       Turns: 16480, Time: 00:37:51

Health: -4/118     AC: 20    Str: 21    XL:     13   Next: 6%
Magic:  6/12       EV: 14    Int:  4    God:    Trog [*****.]
Gold:   674        SH:  5    Dex: 20    Spells: 12/12 levels left

rFire    + . .     SeeInvis .   b - +1 trident (venom)
rCold    . . .     Gourm    .   (no shield)
rNeg     . . .     Faith    .   s - +0 plate armour {rF+}
rPois    +         Spirit   .   M - +2 hat {MR+}
rElec    .         Reflect  +   r - +0 cloak
rCorr    .         Harm     .   l - +0 pair of gloves
MR       +....                  (no boots)
Stlth    ..........             C - +5 amulet of reflection
HPRegen  0.29/turn              d - ring of poison resistance
MPRegen  0.13/turn              N - +4 ring of dexterity

@: berserk cooldown, slowed, very slow
A: retaliatory headbutt, horns 2
a: Berserk, Trog's Hand, Brothers in Arms, Renounce Religion


You were on level 3 of the Lair of Beasts.
You worshipped Trog.
Trog was extremely pleased with you.
You were not hungry.

You visited 2 branches of the dungeon, and saw 15 of its levels.
You also visited: Sewer and Ice Cave.

You collected 674 gold pieces.

Inventory:

Hand Weapons
 a - a +3 antimagic battleaxe
 b - a +1 trident of venom (weapon)
 x - a +2 broad axe of chopping
Armour
 l - a +0 pair of gloves (worn)
 r - a +0 cloak (worn)
 s - a +0 plate armour of fire resistance (worn)
 M - a +2 hat of magic resistance (worn)
 R - a +1 hat of intelligence
Jewellery
 d - a ring of poison resistance (left hand)
 z - an uncursed ring of fire
 C - a +5 amulet of reflection (around neck)
 K - an uncursed ring of protection from magic
 N - a +4 ring of dexterity (right hand)
 P - an uncursed ring of ice
 Q - an uncursed ring of resist corrosion
Wands
 f - a wand of flame (89)
 t - a wand of random effects (47)
 H - a wand of paralysis (22)
 L - a wand of digging (12)
 O - a wand of iceblast (36)
Scrolls
 g - 10 scrolls of identify
 i - 3 scrolls of remove curse
 p - 6 scrolls of teleportation
 v - a scroll of brand weapon {unknown}
 w - a scroll of fear {unknown}
 y - 2 scrolls of magic mapping {unknown}
 D - a scroll of immolation
 F - a scroll of fog {unknown}
 G - a scroll of acquirement {unknown}
 I - 3 scrolls of enchant armour {unknown}
 J - a scroll of vulnerability {unknown}
Potions
 e - a potion of ambrosia
 h - 2 potions of flight
 j - a potion of cancellation {unknown}
 k - a potion of mutation
 m - 3 potions of heal wounds
 n - 3 potions of curing
 o - 4 potions of brilliance
 q - a potion of lignification {unknown}
 u - 2 potions of haste {unknown}
 B - 2 potions of might
 E - 2 potions of invisibility {unknown}
Comestibles
 c - 8 rations
 A - a chunk of flesh


   Skills:
 + Level 12.3 Fighting
 * Level 16.2 Axes
 + Level 12.0 Armour
 + Level 11.1 Dodging


You had 12 spell levels left.
You didn't know any spells.
Your spell library was empty.

Dungeon Overview and Level Annotations

Branches:
Dungeon (12/15)            Temple (0/1) D:5            Lair (3/6) D:8
 Spider (0/4) Lair:2          Orc (0/2) D:9
  Swamp: Lair:2-4    Shoals: Lair:2-4

Altars:
Ashenzari
Cheibriados
Fedhas
Gozag
Nemelex Xobeh
Okawaru
Qazlal
Ru
Trog
Vehumet
Wu Jian
Xom
Zin

Shops:
D:6 [

Annotations:
D:8 exclusions: oklob plant and oklob sapling


Innate Abilities, Weirdness & Mutations

You reflexively headbutt those who attack you in melee.
You have a pair of horns on your head.


Message History

The eight-headed hydra bites you but does no damage. x2
The eight-headed hydra barely misses you. x2
The eight-headed hydra bites you.
* * * LOW HITPOINT WARNING * * *
Your two-headed ogre goes berserk!
You feel quite a bit more hungry.
The eight-headed hydra bites you but does no damage. x3
The eight-headed hydra closely misses you.
The eight-headed hydra bites you but does no damage.
The eight-headed hydra barely misses you.
The eight-headed hydra bites you but does no damage.
You block the eight-headed hydra's attack.
The eight-headed hydra bites you but does no damage.
The eight-headed hydra barely misses you.
The eight-headed hydra misses you.
You block the eight-headed hydra's attack.
The eight-headed hydra bites you.
* * * LOW HITPOINT WARNING * * *
The eight-headed hydra bites you!
You die...

#....# .#
###P.# ..##
##.# .P..P #.##
#.....
#..####.#..#.
###...........#
#.#O.....##..
##.....#.P#
#...⌠@††###
#..♣.D♣..##
#...♣..♣...#
##.♣♣..♣♣.##
#.♣≈.†≈♣..#
♣≈..≈♣.##
♣≈.♣≈♣.. ♣≈.
≈♣... ♣≈.
≈♣♣...


You could see an eight-headed hydra and a friendly two-headed ogre (berserk).

Vanquished Creatures
  Gastronok (Lair:1)
  Harold (Lair:3)
  3 hydras
  The ghost of charlessucks the Blocker, a journeyman OpFi of Gozag (D:10)
  An unseen horror (D:10)
  Pikel (D:7)
  An ugly thing (D:11)
  An oklob plant (D:6)
  A necromancer (IceCv)
  3 elephants (Lair:3)
  The ghost of CanOfBees the Slasher, a novice TeBe of Trog (D:5)
  A black mamba (Lair:1)
  An ice statue (IceCv)
  3 spiny frogs
  2 komodo dragons
  9 freezing wraiths (IceCv)
  A hornet (D:8)
  8 blink frogs (Lair:3)
  2 bog bodies (Lair:3)
  The ghost of Ousak the Insei, an amateur OpTm (D:5)
  Sigmund (D:6)
  6 hippogriffs
  A redback (Lair:2)
  8 yaks
  A wraith (D:10)
  A wyvern (Lair:2)
  2 death yak simulacra (IceCv)
  Edmund (D:6)
  2 swamp worms (Lair:3)
  Duvessa (D:7)
  8 water moccasins
  18 ice beasts
  7 orc warriors
  An alligator simulacrum (IceCv)
  5 black bears
  A sky beast (D:4)
  A necrophage (D:5)
  4 slaves (D:7)
  4 ogres
  5 centaurs
  5 crocodiles
  14 bullfrogs
  2 big kobolds
  3 scorpions
  Dowan (D:7)
  A killer bee (D:4)
  2 howler monkeys
  2 bullfrog zombies
  6 crimson imps
  5 draconian simulacra (IceCv)
  3 hounds
  An iron imp (D:8)
  9 jellies
  2 centaur skeletons
  4 bullfrog skeletons
  5 iguanas
  10 orc priests
  12 orc wizards
  5 worker ants
  4 troll simulacra (IceCv)
  A spriggan simulacrum (IceCv)
  A wolf simulacrum (IceCv)
  4 centaur simulacra (IceCv)
  2 hound zombies
  2 hound skeletons
  A worker ant zombie (D:8)
  2 howler monkey skeletons
  19 adders
  A naga simulacrum (IceCv)
  5 ogre simulacra (IceCv)
  3 shadow imps
  12 white imps (IceCv)
  19 oozes
  3 worms
  3 dart slugs
  17 leopard geckos
  63 orcs
  8 bats
  10 giant cockroaches
  8 goblins
  11 hobgoblins
  13 jackals
  8 quokkas
  19 ball pythons
  14 frilled lizards
  20 kobolds
  12 rats
  A plant (D:8)
499 creatures vanquished.

Vanquished Creatures (collateral kills)
  A freezing wraith (IceCv)
1 creature vanquished.

Vanquished Creatures (others)
  15 fungi
  A plant (Lair:3)
16 creatures vanquished.

Grand Total: 516 creatures vanquished

Notes
Turn   | Place    | Note
-------+----------+-------------------------------------------
     0 | D:1      | stealthycow the Minotaur Berserker began the quest for the Orb.
     0 | D:1      | Reached XP level 1. HP: 19/19 MP: 0/0
   134 | D:1      | Reached XP level 2. HP: 27/27 MP: 1/1
   159 | D:1      | Reached skill level 4 in Axes
   459 | D:1      | Reached ** piety under Trog
   610 | D:1      | Reached XP level 3. HP: 33/33 MP: 2/2
  1140 | D:2      | Found a blossoming altar of Fedhas.
  1210 | D:2      | Found an opulent altar of Gozag.
  1386 | D:2      | Reached XP level 4. HP: 39/40 MP: 3/3
  1698 | D:2      | Found a bloodstained altar of Trog.
  1785 | D:3      | Found an iron altar of Okawaru.
  1825 | D:3      | Reached *** piety under Trog
  1859 | D:3      | Found a glowing drain.
  1870 | Sewer    | Entered a sewer
  1876 | Sewer    | Reached skill level 5 in Axes
  2166 | Sewer    | Reached XP level 5. HP: 47/47 MP: 4/4
  2415 | Sewer    | Reached **** piety under Trog
  2521 | Sewer    | Reached skill level 6 in Axes
  2521 | Sewer    | Reached XP level 6. HP: 23/55 MP: 5/5
  2525 | Sewer    | Reached skill level 5 in Fighting
  3388 | D:4      | Reached XP level 7. HP: 53/61 MP: 6/6
  3557 | D:4      | Reached skill level 7 in Axes
  3705 | D:4      | Found a sparkling altar of Nemelex Xobeh.
  3761 | D:4      | Reached skill level 5 in Armour
  4024 | D:4      | Found an ornate altar of the Wu Jian Council.
  4515 | D:5      | Entered Level 5 of the Dungeon
  4632 | D:5      | Reached skill level 8 in Axes
  4632 | D:5      | Reached XP level 8. HP: 70/70 MP: 7/7
  4643 | D:5      | Found a radiant altar of Vehumet.
  4648 | D:5      | Reached skill level 5 in Dodging
  4974 | D:5      | Reached ***** piety under Trog
  5130 | D:5      | Found a staircase to the Ecumenical Temple.
  5193 | D:5      | Found a shimmering altar of Xom.
  5219 | D:5      | Found a runed gate.
  5219 | D:5      | Found a runed gate.
  5219 | D:5      | Found a runed gate.
  5232 | D:5      | Noticed Ousak's ghost (amateur OpTm)
  5238 | D:5      | Noticed CanOfBees's ghost (novice TeBe)
  5255 | D:5      | Killed CanOfBees's ghost
  5255 | D:5      | Reached skill level 9 in Axes
  5255 | D:5      | Killed Ousak's ghost
  5355 | D:5      | Reached XP level 9. HP: 71/79 MP: 8/8
  5534 | D:5      | Found a stormy altar of Qazlal.
  5617 | D:5      | Reached skill level 10 in Axes
  5865 | D:6      | Found Giequevi's Armour Emporium.
  5988 | D:6      | Found a sacrificial altar of Ru.
  6011 | D:6      | Noticed Edmund
  6028 | D:6      | Killed Edmund
  6329 | D:6      | Noticed an oklob plant
  6610 | D:6      | Killed an oklob plant
  6905 | D:6      | Noticed Sigmund
  6916 | D:6      | Reached skill level 11 in Axes
  6923 | D:6      | Killed Sigmund
  7101 | D:6      | Found a shattered altar of Ashenzari.
  7127 | D:6      | Found a glowing silver altar of Zin.
  7229 | D:7      | Noticed Pikel
  7253 | D:7      | Killed Pikel
  7253 | D:7      | Reached XP level 10. HP: 90/90 MP: 9/9
  7752 | D:7      | Received a gift from Trog
  8049 | D:7      | Noticed Duvessa
  8049 | D:7      | Noticed Dowan
  8053 | D:7      | Killed Dowan
  8055 | D:7      | Killed Duvessa
  8277 | D:8      | Found a blossoming altar of Fedhas.
  8713 | D:8      | Reached skill level 12 in Axes
  8753 | D:8      | Found a staircase to the Lair.
  8967 | D:8      | Found a snail-covered altar of Cheibriados.
  9308 | D:8      | Noticed an oklob plant
  9652 | D:9      | Found a staircase to the Orcish Mines.
  9771 | D:9      | Received a gift from Trog
 10427 | D:10     | Entered Level 10 of the Dungeon
 10527 | D:10     | Reached XP level 11. HP: 99/99 MP: 3/10
 10912 | D:10     | Reached skill level 13 in Axes
 11107 | D:10     | Found a runed door.
 11107 | D:10     | Noticed charlessucks's ghost (journeyman OpFi)
 11119 | D:10     | Killed charlessucks's ghost
 11119 | D:10     | Reached skill level 10 in Fighting
 11120 | D:10     | Identified the Disquisition on Moulding
 11575 | D:11     | Noticed a brown ugly thing
 11580 | D:11     | Killed a brown ugly thing
 11580 | D:11     | Reached skill level 10 in Armour
 12065 | D:10     | Killed an unseen horror
 12166 | Lair:1   | Entered Level 1 of the Lair of Beasts
 12237 | Lair:1   | Noticed Gastronok
 12266 | Lair:1   | Killed Gastronok
 12266 | Lair:1   | Reached skill level 14 in Axes
 12540 | Lair:1   | Found a frozen archway.
 12543 | Lair:1   | Received a gift from Trog
 12585 | IceCv    | Entered an ice cave
 12977 | IceCv    | Reached XP level 12. HP: 32/110 MP: 3/11
 13339 | IceCv    | Reached skill level 10 in Dodging
 13480 | IceCv    | Found an ancient bone altar of Kikubaaqudgha.
 13775 | IceCv    | Reached skill level 15 in Axes
 14137 | IceCv    | Received a gift from Trog
 15547 | Lair:2   | Found a hole to the Spider Nest.
 15679 | Lair:2   | Noticed an eight-headed hydra
 15690 | Lair:2   | Killed a ten-headed hydra
 15953 | Lair:3   | Noticed Harold
 15970 | Lair:3   | Killed Harold
 16273 | Lair:3   | Noticed a four-headed hydra
 16285 | Lair:3   | Killed a four-headed hydra
 16285 | Lair:3   | Reached skill level 16 in Axes
 16347 | Lair:3   | Noticed an eight-headed hydra
 16356 | Lair:3   | Killed an eight-headed hydra
 16447 | Lair:3   | Reached XP level 13. HP: 107/118 MP: 4/12
 16478 | Lair:3   | HP: 5/118 [eight-headed hydra (3)]
 16480 | Lair:3   | Slain by an eight-headed hydra

Vault maps used:
D:1:      saegor_arrival_simple_b
D:2:      grunt_gozag_breadcrumbs, nicolae_overflow_crystal_walls,
          lightli_temple_of_fire
D:3:      okawaru_trees_1, portal_sewer_entry_f
D:4:      minmay_thick_lines, lemuel_round_altar, first_ration,
          lemuel_statue_altar
D:5:      brannock_xom_greatest_gift, grunt_qazlal_clouds,
          vehumet_altar_wand_db, minmay_temple_entry_nine_rooms,
          gammafunk_ghost_cemetery, kennysheep_generic_room_12
D:6:      lemuel_slime, overflow_temple_1_default,
          nicolae_ru_sacrificial_ziggurat, basic_altar, serial_shops, shop,
          uniq_sigmund, uniq_edmund
D:7:      uniq_pikel, uniq_duvessa
D:8:      slow_altar_1, due_lair_maze_entry_diamond, introduction_to_nature_1
D:9:      hiddenorc2_lemuel, blue_anna_alchemist, kennysheep_decorative_pillar
D:10:     gammafunk_ghost_grave
D:12:     basic_altar, minmay_misc_feat_encased, hangedman_decor_points,
          lemuel_blue_sif_altar
Lair:1:   portal_ice_cave_entry_ice_beasts, lemuel_fruit_fields, uniq_gastronok
Lair:2:   spider_nest_entry_rubble
Lair:3:   nicolae_swamp_entry_splash_gauntlet, uniq_harold, uniq_prince_ribbit2
Sewer:    sewer_frog_island_02
IceCv:    ice_cave_small_necro

Skill      XL: |  1  2  3  4  5  6  7  8  9 10 11 12 |
---------------+-------------------------------------+-----
Axes           | 4 5 6 8 9 11 12 14 16 | 16.2
Fighting       | 4 5 6 7 8 9 11 12 | 12.3
Armour         | 3 4 5 6 8 9 10 12 | 12.0
Dodging        | 3 4 6 7 8 9 11 | 11.1

Action                   |  1- 3 |  4- 6 |  7- 9 | 10-12 | 13-15 || total
-------------------------+-------+-------+-------+-------+-------++-------
Melee: Hand axe          |    84 |   230 |    78 |       |       ||   392
       Headbutt          |    15 |    33 |    71 |   134 |     6 ||   259
       War axe           |       |       |   215 |    30 |       ||   245
       Battleaxe         |       |       |       |   527 |    12 ||   539
       Trident           |       |       |       |    13 |     4 ||    17
Invok: Berserk           |       |     1 |     7 |    18 |     1 ||    27
       Trog's Hand       |       |       |     2 |     3 |       ||     5
       Brothers in Arms  |       |       |       |     2 |     1 ||     3
  Use: Scroll            |       |       |    13 |     2 |       ||    15
       Potion            |       |       |       |       |     1 ||     1
  Eat: Chunk             |     1 |     8 |    11 |    15 |       ||    35
       Ration            |       |       |     2 |    11 |       ||    13
Armor: Animal skin       |    13 |       |       |       |       ||    13
       Scale mail        |    10 |    86 |    29 |       |       ||   125
       Ring mail         |    10 |       |       |       |       ||    10
       Chain mail        |       |       |    70 |       |       ||    70
       Plate armour      |       |       |    14 |   395 |    24 ||   433
Dodge: Dodged            |    74 |   153 |   111 |   288 |    21 ||   647
Block: Other             |       |       |       |    83 |    10 ||    93
       Reflection        |       |       |       |     1 |       ||     1

Table legend:
 A = Spawn XP
 B = Non-spawn XP
 C = Spawn XP percentage of total XP
 D = Spawn monster count
 E = Non-spawn monster count
 F = Spawn count percentage of total count
 G = Total turns spent on level
                    A         B        C        D         E        F      G
               +---------+---------+-------+---------+---------+-------+---------
         Total |       0 |   39620 |   0.0 |       0 |     495 |   0.0 | 16480
               +---------+---------+-------+---------+---------+-------+---------
           D:1 |       0 |      65 |   0.0 |       0 |      34 |   0.0 |  1138
           D:2 |       0 |      49 |   0.0 |       0 |      22 |   0.0 |   595
           D:3 |       0 |      70 |   0.0 |       0 |      30 |   0.0 |   503
           D:4 |       0 |     855 |   0.0 |       0 |      28 |   0.0 |  1424
           D:5 |       0 |    1897 |   0.0 |       0 |      34 |   0.0 |  1243
           D:6 |       0 |    1819 |   0.0 |       0 |      37 |   0.0 |  1419
           D:7 |       0 |    1454 |   0.0 |       0 |      14 |   0.0 |  1068
           D:8 |       0 |    2489 |   0.0 |       0 |      43 |   0.0 |  1320
           D:9 |       0 |    1802 |   0.0 |       0 |      51 |   0.0 |  1178
          D:10 |       0 |    3928 |   0.0 |       0 |      34 |   0.0 |   757
          D:11 |       0 |    1192 |   0.0 |       0 |      12 |   0.0 |   601
          D:12 |       0 |     142 |   0.0 |       0 |       1 |   0.0 |    33
        Lair:1 |       0 |    5163 |   0.0 |       0 |      17 |   0.0 |  1257
        Lair:2 |       0 |    3053 |   0.0 |       0 |      12 |   0.0 |   934
        Lair:3 |       0 |    8963 |   0.0 |       0 |      26 |   0.0 |   443
         Sewer |       0 |     360 |   0.0 |       0 |      46 |   0.0 |   887
         IceCv |       0 |    6319 |   0.0 |       0 |      54 |   0.0 |  1680
               +---------+---------+-------+---------+---------+-------+---------
